cohdb
Replays
Latest Replays
All Replays
Popular Replays
Top Player Replays
Match Explorer
How It Works
Community
CoH3 Stats
Reddit
Sign in to upload your games and track your stats! →
Sign in with Steam
Match 41794475
Unlisted
Match 41794475
Overview
Messages
Build Orders
End
Pioneer Squad
Selects Italian Coastal Battlegroup
Selects Coastal Reserves
Coastal Reserve
Coastal Reserve
Coastal Reserve
Construct Infanterie Kompanie
Pioneer Squad
Construct Panzergrenadier Kompanie
Panzergrenadier Squad
Pak 40 Anti-tank Gun Team
Panzergrenadier Officer Quarters
Selects Support Bunkers
Selects Rapid Fortifications
Medical Bunker
251 Medium Carrier
MG 42 Machine Gun Team
Selects Bulwark
Rapid Fortifications
Medical Bunker
Panzergrenadier Squad
Support Elements
StuG III G Assault Gun
Coastal Reserve
Al_Ka_Pwn
TidaL
0
0
Comments
sign in to comment!
No comments posted yet!